NYP
BROOKLYN CYCLONES @ AUBURN DOUBLEDAYS
04/05/2045
 
TOP OF THE 1ST
Brooklyn Cyclones batting - Pitching for Auburn Doubledays : RHP Brian Walker
Pitching: RHP Brian Walker
Batting: LHB Tom Prayer 0-0: Ball
1-0: Swinging Strike
1-1: Ball
2-1: Ball
3-1: Base on Balls
Batting: RHB Danny Runberg 0-0: Ball
1-0: Ball
2-0: Ball
Tom Prayer steals 2nd base (no throw)
3-0: Called Strike
3-1: Foul Ball, location: 2F
3-2: Foul Ball, location: 2F
3-2: Strikes out swinging
Batting: RHB Jose Lara 0-0: Ball
1-0: Ball
2-0: Called Strike
2-1: Ground out 5-3 (Groundball, 56, EV 85.0 MPH)
Batting: LHB Adam Barry 0-0: Fly out, F7 (Flyball, 7LM, EV 86.2 MPH)
Top of the 1st over - 0 runs, 0 hits, 0 errors, 1 left on base; Brooklyn 0 - Auburn 0
BOTTOM OF THE 1ST
Auburn Doubledays batting - Pitching for Brooklyn Cyclones : RHP Fakhiri Rayhan
Pitching: RHP Fakhiri Rayhan
Batting: RHB Bobby Bricker 0-0: Ground out 5-3 (Groundball, 5S, EV 86.9 MPH)
Batting: RHB John Savard 0-0: Fly out, F7 (Line Drive, 7, EV 83.8 MPH)
Batting: RHB Kevin Whitenack 0-0: Called Strike
0-1: Called Strike
0-2: Ball
1-2: Ball
2-2: Ground out 5-3 (Groundball, 56S, EV 88.8 MPH)
Bottom of the 1st over - 0 runs, 0 hits, 0 errors, 0 left on base; Brooklyn 0 - Auburn 0
TOP OF THE 2ND
Brooklyn Cyclones batting - Pitching for Auburn Doubledays : RHP Brian Walker
Batting: RHB David Kunze 0-0: Ball
1-0: Ball
2-0: Ball
3-0: Base on Balls
Batting: RHB Matt Skipper 0-0: Called Strike
0-1: Swinging Strike
0-2: Ball
1-2: Grounds into double play, 3-6-3 (Groundball, 3, EV 103.8 MPH)
Batting: RHB Chris Artz 0-0: Ball
1-0: Foul Ball, location: 2F
1-1: Swinging Strike
1-2: Strikes out looking
Top of the 2nd over - 0 runs, 0 hits, 0 errors, 0 left on base; Brooklyn 0 - Auburn 0
BOTTOM OF THE 2ND
Auburn Doubledays batting - Pitching for Brooklyn Cyclones : RHP Fakhiri Rayhan
Batting: RHB Nick Moreno 0-0: Ball
1-0: Fly out, F9 (Line Drive, 9, EV 92.5 MPH)
Batting: LHB Chance McWilliams 0-0: Foul Ball, location: 2F
0-1: SINGLE (Line Drive, 6D, EV 94.4 MPH)
Batting: RHB Steve Bauman 0-0: Ball
Chance McWilliams steals 2nd base
1-0: Fly out, F2 (Popup, 13S, EV 95.0 MPH)
Batting: RHB Gabe Almazan 0-0: Called Strike
0-1: Ball
1-1: Ball
2-1: Foul Ball, location: 2F
2-2: Fly out, F8 (Line Drive, 8LD, EV 95.6 MPH)
Bottom of the 2nd over - 0 runs, 1 hit, 0 errors, 1 left on base; Brooklyn 0 - Auburn 0
TOP OF THE 3RD
Brooklyn Cyclones batting - Pitching for Auburn Doubledays : RHP Brian Walker
Batting: RHB Louwe Starmans 0-0: Foul Ball, location: 2F
0-1: Foul Ball, location: 2F
0-2: Ball
1-2: Strikes out swinging
Batting: RHB Junki Nakamoto 0-0: Bunt missed!
0-1: Ground out 4-3 (Groundball, 4S, EV 88.8 MPH)
Batting: LHB Tom Prayer 0-0: Ball
1-0: Ball
2-0: Foul Ball, location: 2F
2-1: Called Strike
2-2: Foul Ball, location: 2F
2-2: Ground out 5-3 (Groundball, 56, EV 90.0 MPH)
Top of the 3rd over - 0 runs, 0 hits, 0 errors, 0 left on base; Brooklyn 0 - Auburn 0
BOTTOM OF THE 3RD
Auburn Doubledays batting - Pitching for Brooklyn Cyclones : RHP Fakhiri Rayhan
Batting: RHB Justin Van Houten 0-0: Ball
1-0: Swinging Strike
1-1: Foul Ball, location: 2F
1-2: Ball
2-2: Ball
3-2: Base on Balls
Batting: RHB Alex Blanco 0-0: Ball
1-0: Fielders Choice at 2nd, 6-4 (Groundball, 56, EV 86.9 MPH)
Batting: RHB Bobby Bricker 0-0: Called Strike
0-1: Ball
1-1: Swinging Strike
1-2: Ball
2-2: Strikes out swinging
Batting: RHB John Savard 0-0: Fielders Choice at 2nd, 6-4 (Groundball, 6, EV 78.8 MPH)
Bottom of the 3rd over - 0 runs, 0 hits, 0 errors, 1 left on base; Brooklyn 0 - Auburn 0
TOP OF THE 4TH
Brooklyn Cyclones batting - Pitching for Auburn Doubledays : RHP Brian Walker
Batting: RHB Danny Runberg 0-0: Ground out 5-3 (Groundball, 56, EV 102.5 MPH)
Batting: RHB Jose Lara 0-0: Swinging Strike
0-1: Ball
1-1: Swinging Strike
1-2: Foul Ball, location: 2F
1-2: Strikes out swinging
Batting: LHB Adam Barry 0-0: Swinging Strike
0-1: Called Strike
0-2: Strikes out swinging
Top of the 4th over - 0 runs, 0 hits, 0 errors, 0 left on base; Brooklyn 0 - Auburn 0
BOTTOM OF THE 4TH
Auburn Doubledays batting - Pitching for Brooklyn Cyclones : RHP Fakhiri Rayhan
Batting: RHB Kevin Whitenack 0-0: Ball
1-0: Ball
2-0: Ball
3-0: Foul Ball, location: 2F
3-1: Base on Balls
Batting: RHB Nick Moreno 0-0: Hit by Pitch
Kevin Whitenack to second
Batting: LHB Chance McWilliams 0-0: Called Strike
0-1: Ball
1-1: Foul Ball, location: 2F
1-2: Foul Ball, location: 2F
1-2: Ball
2-2: Ball
3-2: Foul Ball, location: 2F
3-2: Base on Balls
Kevin Whitenack to third
Nick Moreno to second
Batting: RHB Steve Bauman 0-0: Called Strike
0-1: Fielders Choice at 2nd, 3-6 (Groundball, 3, EV 83.8 MPH)
Kevin Whitenack scores
Nick Moreno to third
Batting: RHB Gabe Almazan 0-0: Ground out 3-1 (Groundball, 13, EV 91.9 MPH)
Nick Moreno scores
Steve Bauman to second
Batting: RHB Justin Van Houten 0-0: Called Strike
0-1: Swinging Strike
0-2: Ball
Wild Pitch!
Steve Bauman to third
1-2: Hit by Pitch
Batting: RHB Alex Blanco 0-0: Called Strike
0-1: Fielders Choice at 2nd, 6-4 (Groundball, 56, EV 87.5 MPH)
Bottom of the 4th over - 2 runs, 0 hits, 0 errors, 2 left on base; Brooklyn 0 - Auburn 2
TOP OF THE 5TH
Brooklyn Cyclones batting - Pitching for Auburn Doubledays : RHP Brian Walker
Batting: RHB David Kunze 0-0: Ball
1-0: Fly out, F7 (Flyball, 78S, EV 91.9 MPH)
Batting: RHB Matt Skipper 0-0: Ball
1-0: Fly out, F9 (Flyball, 89M, EV 85.6 MPH)
Batting: RHB Chris Artz 0-0: Ball
1-0: Ball
2-0: Called Strike
2-1: Ball
3-1: SINGLE (Groundball, 56D, EV 106.9 MPH)
Batting: RHB Louwe Starmans 0-0: Ball
1-0: Fly out, F8 (Flyball, 89M, EV 88.8 MPH)
Top of the 5th over - 0 runs, 1 hit, 0 errors, 1 left on base; Brooklyn 0 - Auburn 2
BOTTOM OF THE 5TH
Auburn Doubledays batting - Pitching for Brooklyn Cyclones : RHP Fakhiri Rayhan
Batting: RHB Bobby Bricker 0-0: Ball
1-0: Ball
2-0: Called Strike
2-1: Foul Ball, location: 2F
2-2: Strikes out swinging
Batting: RHB John Savard 0-0: Ball
1-0: Ball
2-0: Called Strike
2-1: Foul Ball, location: 2F
2-2: Ball
3-2: Foul Ball, location: 2F
3-2: Base on Balls
Batting: RHB Kevin Whitenack 0-0: Ball
John Savard steals 2nd, throwing error, E2
John Savard to third
1-0: Foul Ball, location: 2F
1-1: Foul Ball, location: 2F
1-2: Fly out, F7 (Flyball, 7D, EV 103.1 MPH)
Runner from 3rd tags up, SCORES, no throw by LF
Batting: RHB Nick Moreno 0-0: Called Strike
0-1: Ball
1-1: Ball
2-1: Called Strike
2-2: Strikes out swinging
Bottom of the 5th over - 1 run, 0 hits, 1 error, 0 left on base; Brooklyn 0 - Auburn 3
TOP OF THE 6TH
Brooklyn Cyclones batting - Pitching for Auburn Doubledays : RHP Brian Walker
Batting: RHB Junki Nakamoto 0-0: Ball
1-0: Ball
2-0: Foul Ball, location: 2F
2-1: Ground out 6-3 (Groundball, 6, EV 106.2 MPH)
Batting: LHB Tom Prayer 0-0: Ball
1-0: Foul Ball, location: 2F
1-1: Foul Ball, location: 2F
1-2: Hit by Pitch
Batting: RHB Danny Runberg 0-0: Called Strike
0-1: Ball
1-1: Ball
Tom Prayer steals 2nd base
2-1: Ball
Tom Prayer steals 3rd base
3-1: SINGLE (Line Drive, 6MD, EV 96.2 MPH)
Tom Prayer scores
Batting: RHB Jose Lara 0-0: Ball
1-0: Ball
2-0: SINGLE (Groundball, 34S, EV 71.2 MPH) (infield hit)
Danny Runberg to second
Pitching: LHP Mike Bigos
Batting: LHB Adam Barry 0-0: Ball
1-0: Foul Ball, location: 2F
1-1: Ball
2-1: Foul Ball, location: 2F
2-2: SINGLE (Groundball, 6M, EV 100.0 MPH)
Danny Runberg to third
Jose Lara to second
Batting: RHB David Kunze 0-0: Foul Ball, location: 2F
0-1: Foul Ball, location: 2F
0-2: Ball
1-2: Strikes out swinging
Batting: RHB Matt Skipper 0-0: Ball
1-0: Ball
2-0: Ground out 3-1 (Groundball, 34, EV 88.1 MPH)
Top of the 6th over - 1 run, 3 hits, 0 errors, 3 left on base; Brooklyn 1 - Auburn 3
BOTTOM OF THE 6TH
Auburn Doubledays batting - Pitching for Brooklyn Cyclones : RHP Fakhiri Rayhan
Batting: LHB Chance McWilliams 0-0: Called Strike
0-1: Ball
1-1: Foul Ball, location: 2F
1-2: Ball
2-2: Foul Ball, location: 2F
2-2: Ball
3-2: Foul Ball, location: 2F
3-2: Ground out 4-3 (Groundball, 4, EV 86.2 MPH)
Batting: RHB Steve Bauman 0-0: Ball
1-0: Ball
2-0: Ball
3-0: Base on Balls
Batting: RHB Gabe Almazan 0-0: Ball
1-0: Ball
2-0: Swinging Strike
2-1: Swinging Strike
2-2: Ball
3-2: Fly out, F9 (Flyball, 9S, EV 90.6 MPH)
Batting: RHB Justin Van Houten 0-0: Called Strike
0-1: Foul Ball, location: 2F
0-2: Fielders Choice at 2nd, 6-4 (Groundball, 6, EV 93.8 MPH)
Bottom of the 6th over - 0 runs, 0 hits, 0 errors, 1 left on base; Brooklyn 1 - Auburn 3
TOP OF THE 7TH
Brooklyn Cyclones batting - Pitching for Auburn Doubledays : LHP Mike Bigos
Pitching: RHP Tim Schultz
Batting: RHB Chris Artz 0-0: Fly out, F7 (Flyball, 78S, EV 88.8 MPH)
Batting: RHB Louwe Starmans 0-0: Ball
1-0: Swinging Strike
1-1: Ball
2-1: Fly out, F9 (Line Drive, 9, EV 84.4 MPH)
Batting: RHB Junki Nakamoto 0-0: Ball
1-0: Called Strike
1-1: SINGLE (Groundball, 34D, EV 110.6 MPH)
Pitching: LHP Kevin Besser
Batting: LHB Tom Prayer 0-0: Ball
1-0: Ball
2-0: Ball
3-0: Called Strike
3-1: Swinging Strike
3-2: Strikes out swinging
Top of the 7th over - 0 runs, 1 hit, 0 errors, 1 left on base; Brooklyn 1 - Auburn 3
BOTTOM OF THE 7TH
Auburn Doubledays batting - Pitching for Brooklyn Cyclones : RHP Fakhiri Rayhan
Batting: RHB Alex Blanco 0-0: Ball
1-0: Ball
2-0: Swinging Strike
2-1: Foul Ball, location: 2F
2-2: Foul Ball, location: 2F
2-2: Ball
3-2: Strikes out swinging
Pitching: LHP Justin Martin
Batting: RHB Bobby Bricker 0-0: Foul Ball, location: 2F
0-1: Ball
1-1: Swinging Strike
1-2: Strikes out looking
Batting: RHB John Savard 0-0: Called Strike
0-1: Foul Ball, location: 2F
0-2: Ball
1-2: TRIPLE (Line Drive, 9LD, EV 113.1 MPH)
Batting: RHB Kevin Whitenack 0-0: Foul Ball, location: 2F
0-1: Fly out, F7 (Flyball, 78XD, EV 109.4 MPH)
Bottom of the 7th over - 0 runs, 1 hit, 0 errors, 1 left on base; Brooklyn 1 - Auburn 3
TOP OF THE 8TH
Brooklyn Cyclones batting - Pitching for Auburn Doubledays : LHP Kevin Besser
Pitching: LHP Gregg Huddleston
Batting: RHB Danny Runberg 0-0: Ball
1-0: Fly out, F8 (Flyball, 8LD, EV 93.1 MPH)
Batting: RHB Jose Lara 0-0: Ball
1-0: SINGLE (Line Drive, 34D, EV 99.4 MPH)
Pinch Hitting: RHB Tomas Raya 0-0: Ball
1-0: Ball
2-0: Ball
3-0: Called Strike
3-1: Base on Balls
Jose Lara to second
Batting: RHB David Kunze 0-0: Ball
1-0: Foul Ball, location: 2F
1-1: Ball
2-1: Foul Ball, location: 2F
2-2: Foul Ball, location: 2F
2-2: Foul Ball, location: 2F
2-2: Ball
3-2: Foul Ball, location: 2F
3-2: SINGLE (Line Drive, 3D, EV 105.0 MPH)
Jose Lara to third
Tomas Raya to second
Runner from 3rd tries for Home, SAFE, throw by RF to home
Batting: RHB Matt Skipper 0-0: Swinging Strike
0-1: Ball
1-1: Foul Ball, location: 2F
1-2: Foul Ball, location: 2F
1-2: Ground out 5-3 (Groundball, 56S, EV 83.8 MPH)
Tomas Raya to third
David Kunze to second
Batting: RHB Chris Artz 0-0: SINGLE (Groundball, 6, EV 97.5 MPH)
Tomas Raya scores
David Kunze to third
Runner from 3rd tries for Home, SAFE, throw by LF to home
Chris Artz to second
Pitching: RHP Chris Lawrence
Batting: RHB Louwe Starmans 0-0: Ball
1-0: Swinging Strike
1-1: Ball
2-1: Ball
3-1: Base on Balls
Batting: RHB Junki Nakamoto 0-0: Called Strike
0-1: Ball
1-1: Foul Ball, location: 2F
1-2: Strikes out swinging
Top of the 8th over - 3 runs, 3 hits, 0 errors, 2 left on base; Brooklyn 4 - Auburn 3
BOTTOM OF THE 8TH
Auburn Doubledays batting - Pitching for Brooklyn Cyclones : LHP Justin Martin
Pitching: RHP Luis Lorez
Now at 1B: Tomas Raya
Batting: RHB Nick Moreno 0-0: Called Strike
0-1: Ball
1-1: Ball
2-1: Foul Ball, location: 2F
2-2: Foul Ball, location: 2F
2-2: Foul Ball, location: 2F
2-2: Ball
3-2: Strikes out swinging
Batting: LHB Chance McWilliams 0-0: Ball
1-0: Fly out, F4 (Line Drive, 4, EV 76.9 MPH)
Batting: RHB Steve Bauman 0-0: Ground out 6-3 (Groundball, 6, EV 90.0 MPH)
Bottom of the 8th over - 0 runs, 0 hits, 0 errors, 0 left on base; Brooklyn 4 - Auburn 3
TOP OF THE 9TH
Brooklyn Cyclones batting - Pitching for Auburn Doubledays : RHP Chris Lawrence
Batting: LHB Tom Prayer 0-0: Called Strike
0-1: Swinging Strike
0-2: Ball
1-2: Strikes out swinging
Batting: RHB Danny Runberg 0-0: Ball
1-0: SINGLE (Groundball, 5S, EV 65.6 MPH) (infield hit)
Batting: RHB Jose Lara 0-0: Ball
1-0: SINGLE (Line Drive, 34D, EV 104.4 MPH)
Danny Runberg to second
Pinch Runner at 2nd Victor Roca:
Batting: RHB Tomas Raya 0-0: Called Strike
0-1: Swinging Strike
0-2: Ball
1-2: Ball
2-2: Ball
3-2: Base on Balls
Victor Roca to third
Jose Lara to second
Batting: RHB David Kunze 0-0: Called Strike
0-1: Foul Ball, location: 2F
0-2: Foul Ball, location: 2F
0-2: Ball
1-2: Strikes out looking
Batting: RHB Matt Skipper 0-0: Ball
1-0: Ball
2-0: Fly out, F8 (Flyball, 78M, EV 96.2 MPH)
Top of the 9th over - 0 runs, 2 hits, 0 errors, 3 left on base; Brooklyn 4 - Auburn 3
BOTTOM OF THE 9TH
Auburn Doubledays batting - Pitching for Brooklyn Cyclones : RHP Luis Lorez
Batting: RHB Gabe Almazan 0-0: Foul Ball, location: 2F
0-1: Ball
1-1: Ground out 5-3 (Groundball, 5L, EV 102.5 MPH)
Batting: RHB Justin Van Houten 0-0: Swinging Strike
0-1: Ball
1-1: Ball
2-1: Swinging Strike
2-2: Foul Ball, location: 2F
2-2: Ball
3-2: Strikes out swinging
Pinch Hitting: RHB Jesus Malave 0-0: Ball
1-0: Ball
2-0: Called Strike
2-1: Swinging Strike
2-2: Strikes out swinging
Bottom of the 9th over - 0 runs, 0 hits, 0 errors, 0 left on base; Brooklyn 4 - Auburn 3
Wednesday, June 22nd , 2022 - OOTP Baseball 23.4 Build 64